 Dungeon Crawl Stone Soup version 0.15.0-14-g6bbbb5c (webtiles) character file.

256 Casul the Magician (level 6, -6/41 HPs)
             Began as an Octopode Wizard on Sept 4, 2014.
             Mangled by Prince Ribbit (19 damage)
             ... on Level 4 of the Dungeon.
             The game lasted 00:15:31 (4903 turns).

Casul the Magician (Octopode Wizard)                Turns: 4903, Time: 00:15:32

HP  -6/41        AC  3     Str  6      XL: 6   Next: 16%
MP  16/16        EV 12     Int 22      God:
Gold 252         SH  0     Dex 11      Spells:  1 memorised, 13 levels left

rFire  . . .     SeeInvis .     o - +0 war axe (elec)
rCold  . . .     Clarity  .     (no shield)
rNeg   . . .     rCorr    .     p - +2 hat
rPois  .         rRot     .     m - cursed amulet of inaccuracy
rElec  .         Spirit   .     (no ring)
SustAb .         Warding  .     (no ring)
rMut   .         Stasis   .     (no ring)
Gourm  .                        (no ring)
MR     .....                    (no ring)
                                (no ring)
                                (no ring)
                                (no ring)

@: not resistant to hostile enchantments, fairly stealthy
A: almost no armour, amphibious, 8 rings, constrict 8, camouflage 1, gelatinous
body 1
a: no special abilities


You were on level 4 of the Dungeon.
You were very hungry.

You visited 1 branch of the dungeon, and saw 4 of its levels.

You collected 252 gold pieces.

Inventory:

Hand weapons
 o - a +0 war axe of electrocution (weapon)
Armour
 b - a +1 hat
 p - a +2 hat (worn)
Comestibles
 d - a bread ration
 f - a slice of pizza
 h - 19 fruits
 k - a rotting chunk of goblin flesh
 q - a beef jerky
Scrolls
 a - a scroll of recharging
 g - 2 scrolls of identify
 j - a scroll of amnesia
Jewellery
 m - a cursed amulet of inaccuracy (around mantle)
Potions
 e - a potion of invisibility
 i - 2 potions of agility
 l - 2 potions of haste {unknown}
 n - 3 potions of cure mutation {unknown}
 r - a potion of restore abilities {unknown}
 s - 2 potions of curing {unknown}
Books
 c - a book of Minor Magic

   Spells                             Type                      Level
   *Magic Dart                        Conjuration                  1
   Blink                              Translocation                2
   Call Imp                           Summoning                    2
   Repel Missiles                     Charms/Air                   2
   Slow                               Hexes                        2
   Conjure Flame                      Conjuration/Fire             3
   Mephitic Cloud                     Conjuration/Poison/Air       3


   Skills:
 - Level 2.7 Fighting
 - Level 2.0 Dodging
 - Level 2.6 Stealth
 + Level 4.9 Spellcasting
 + Level 2.8 Conjurations
   Level 1.0 Summonings
   Level 1.0 Translocations


You had 13 spell levels left.
You knew the following spells:

 Your Spells              Type           Power        Failure   Level  Hunger
a - Magic Dart            Conj           ###.         3%          1    None


Dungeon Overview and Level Annotations

Branches:
Dungeon (4/15)
 Temple: D:4-7

Altars:

Annotations:
D:4 Prince Ribbit


Innate Abilities, Weirdness & Mutations

You cannot wear most types of armour.
You are amphibious.
You can wear up to eight rings at the same time.
You can use your tentacles to constrict many enemies at once.
Your skin changes colour to match your surroundings (Stealth).
Your rubbery body absorbs attacks (AC +1).


Message History

The ooze is heavily wounded.
The ooze hits you.
Prince Ribbit blinks!
There are monsters nearby!
You hit the ooze but do no damage.
The ooze is heavily wounded.
Prince Ribbit blinks!
The ooze misses you.
There are monsters nearby!
You closely miss the ooze. You squeeze the ooze!
The ooze is almost dead.
The ooze hits you. Prince Ribbit hits you.
There are monsters nearby!
Prince Ribbit momentarily phases out as your attack passes through him.
You barely miss the ooze.
The ooze is severely wounded.
Prince Ribbit closely misses you. The ooze hits you. Prince Ribbit hits you!
There are monsters nearby!
You slash the ooze!
You kill the ooze!
You miss Prince Ribbit. Prince Ribbit hits you!!
You die...

##.###................#
#.# #.........########
#. #.......#.# #.
#.......#.# ..
#.......#.#
#.#.......#.#
#......#..#.#
###.F.....#. #.#@.##.#
#.#.?# <# .........
##.#.$.... ..##.......
### ...... ..... .... .


You could see Prince Ribbit.

Vanquished Creatures
  A scorpion (D:4)
  An iguana (D:4)
  A worker ant (D:4)
  3 adders
  3 gnolls (D:3)
  A worm (D:2)
  An iguana skeleton (D:4)
  2 orc skeletons (D:4)
  A giant gecko (D:2)
  An ooze (D:4)
  9 orcs (D:3)
  5 giant cockroaches
  7 goblins
  8 hobgoblins
  8 jackals
  2 quokkas
  A ball python (D:3)
  7 bats
  4 giant newts
  8 kobolds
  10 rats
84 creatures vanquished.

Vanquished Creatures (others)
  4 toadstools (D:1)
4 creatures vanquished.

Grand Total: 88 creatures vanquished

Notes
Turn   | Place    | Note
--------------------------------------------------------------
     0 | D:1      | Casul, the Octopode Wizard, began the quest for the Orb.
     0 | D:1      | Reached XP level 1. HP: 11/11 MP: 4/4
   580 | D:1      | Reached skill level 1 in Fighting
   635 | D:1      | Reached XP level 2. HP: 18/18 MP: 0/6
  1663 | D:2      | Reached XP level 3. HP: 24/24 MP: 6/8
  2533 | D:2      | Reached XP level 4. HP: 21/30 MP: 3/10
  2876 | D:3      | Reached skill level 4 in Spellcasting
  4176 | D:3      | Reached XP level 5. HP: 16/35 MP: 9/13
  4735 | D:4      | Reached XP level 6. HP: 35/41 MP: 16/16
  4894 | D:4      | Noticed Prince Ribbit
  4903 | D:4      | Mangled by Prince Ribbit

Action                   |  1- 3 |  4- 6 || total
-------------------------+-------+-------++-------
Melee: Unarmed           |    65 |    10 ||    75
       War axe           |       |    62 ||    62
 Cast: Magic Dart        |    79 |    90 ||   169
  Use: Scroll            |     4 |     3 ||     7
       Potion            |       |     5 ||     5
 Stab: Sleeping          |     1 |     4 ||     5
  Eat: Chunk             |     5 |     1 ||     6
       Meat ration       |       |     1 ||     1
